[Event "Titled Tuesday Blitz January 31 Early 2023"]
[White "Nakamura, Hikaru"]
[Black "Caruana, Fabiano"]
[WhiteFideId "2016192"]
[BlackFideId "2020009"]
[WhiteElo "2775"]
[BlackElo "2764"]
[Result "0-1"]
[Round "07"]
[TimeControl "180+2"]
[Date "2023.01.31"]
[WhiteClock "0:00:03"]
[BlackClock "0:00:13"]

1. e4 e5 2. Nf3 Nc6 3. Bb5 a6 4. Ba4 Nf6 5. O-O b5 6. Bb3 Bc5 7. a4 Rb8 8. Nxe5 Nxe5 9. d4 Bxd4 10. Qxd4 d6 11. axb5 axb5 12. f4 Nc6 13. Qc3 Ne7 14. e5 Ne4 15. Qf3 Nc5 16. Ba2 O-O 17. b4 Na4 18. Bb3 dxe5 19. Rd1 Qe8 20. Nc3 Bb7 21. Qh3 Bc8 22. Qf3 Bb7 23. Qh3 Ra8 24. fxe5 Qc6 25. Bd2 Nb2 26. Rxa8 Rxa8 27. Rf1 Nc4 28. Bxc4 Qxc4 29. Qd7 Ng6 30. e6 fxe6 31. Qd3 Qxd3 32. cxd3 Ne5 33. d4 Nc4 34. Bf4 Bc6 35. Bxc7 Ra3 36. Rc1 Rb3 37. Ne2 Rxb4 38. Nf4 Rb2 39. h4 Bd5 0-1


[Site "https://www.chess.com"]

[Event "Titled Tuesday Blitz January 31 Early 2023"]
[White "Rasulov, Vugar"]
[Black "Vokhidov, Shamsiddin"]
[WhiteFideId "13402390"]
[BlackFideId "14204223"]
[WhiteElo "2523"]
[BlackElo "2586"]
[Result "1-0"]
[Round "07"]
[TimeControl "180+2"]
[Date "2023.01.31"]
[WhiteClock "0:00:10"]
[BlackClock "0:00:12"]

1. e4 e5 2. Nf3 Nc6 3. Nc3 Nf6 4. d4 Bb4 5. Nxe5 Qe7 6. Qd3 Nxe5 7. dxe5 Qxe5 8. Bd2 O-O 9. O-O-O Bxc3 10. Bxc3 Qf4+ 11. Kb1 Nxe4 12. Qd4 Nxc3+ 13. Qxc3 d5 14. Rxd5 Qxf2 15. Rg5 g6 16. Bc4 Be6 17. Bxe6 fxe6 18. a3 Rad8 19. h4 Rd5 20. Qxc7 Qf7 21. Qg3 Qf4 22. Qb3 Qe4 23. Rxd5 exd5 24. Qxb7 Qxg2 25. Rd1 Rf1 26. Qb8+ Kg7 27. Qxa7+ Kh6 28. Qd4 Rxd1+ 29. Qxd1 Qe4 30. Qd2+ Kg7 31. b4 Qxh4 32. Qxd5 h5 33. b5 Qf2 34. Qe5+ Kh6 35. Qh8+ Kg5 36. Qd8+ Kh6 37. b6 Qf1+ 38. Kb2 Qb5+ 39. Kc3 Qc5+ 40. Kd3 Qf5+ 41. Kd2 Qa5+ 42. c3 Qb5 43. Qf8+ Kg5 44. Qe7+ Kg4 45. b7 Qb2+ 46. Kd3 Qb1+ 47. Kc4 h4 48. Qe6+ Kh5 49. Qe5+ 1-0


[Site "https://www.chess.com"]

[Event "Titled Tuesday Blitz January 31 Early 2023"]
[White "Mosadeghpour, Masoud"]
[Black "Andreikin, Dmitry"]
[WhiteFideId "12519278"]
[BlackFideId "4158814"]
[WhiteElo "2472"]
[BlackElo "2729"]
[Result "0-1"]
[Round "07"]
[TimeControl "180+2"]
[Date "2023.01.31"]
[WhiteClock "0:00:01"]
[BlackClock "0:00:36"]

1. e4 c5 2. d4 cxd4 3. c3 Nf6 4. e5 Nd5 5. Nf3 Nc6 6. Bc4 e6 7. cxd4 d6 8. O-O dxe5 9. dxe5 Nb6 10. Qxd8+ Nxd8 11. Bb3 Nc6 12. Nc3 Be7 13. Be3 O-O 14. Rac1 Na5 15. Rfd1 Nbc4 16. Bxc4 Nxc4 17. Bg5 Bxg5 18. Nxg5 Nxe5 19. f4 Ng6 20. g3 e5 21. fxe5 Nxe5 22. Nd5 Bg4 23. Rd4 f6 24. Re1 Rfd8 25. Kg2 Bd7 26. Ne4 Bc6 27. Nec3 Rd7 28. Red1 Rad8 29. Kf2 Kf7 30. b3 g5 31. h3 h5 32. a3 a5 33. a4 Rd6 34. R4d2 R8d7 35. Rd4 g4 36. hxg4 Nxg4+ 37. Kg1 Ne3 38. Nxe3 Rxd4 39. Re1 Rd3 40. Ncd1 Re7 41. Kf2 Rxb3 42. Rf1 Re5 43. Re1 Bxa4 44. Kg1 Bc6 45. Kf2 a4 46. Re2 a3 47. Rd2 Rexe3 48. Nxe3 Rb2 49. Rc2 Be4 0-1


[Site "https://www.chess.com"]

[Event "Titled Tuesday Blitz January 31 Early 2023"]
[White "Duda, Jan-Krzysztof"]
[Black "Hakobyan, Aram"]
[WhiteFideId "1170546"]
[BlackFideId "13306677"]
[WhiteElo "2724"]
[BlackElo "2608"]
[Result "0-1"]
[Round "07"]
[TimeControl "180+2"]
[Date "2023.01.31"]
[WhiteClock "0:00:02"]
[BlackClock "0:00:24"]

1. d4 Nf6 2. Nf3 g6 3. Bf4 Bg7 4. e3 O-O 5. Be2 d6 6. h3 c5 7. c3 b6 8. a4 Bb7 9. O-O a6 10. Re1 Nbd7 11. Nbd2 Ne4 12. Nxe4 Bxe4 13. Bd3 Bb7 14. e4 cxd4 15. cxd4 e5 16. Bg5 Qe8 17. Bc4 Rc8 18. Rc1 exd4 19. Nxd4 Ne5 20. Bb3 Rxc1 21. Bxc1 Qd7 22. Nc2 Rc8 23. Nb4 Nc4 24. Nd3 b5 25. axb5 axb5 26. Bc2 h6 27. b3 Nb6 28. Bb1 Qc7 29. h4 h5 30. Bg5 Nd7 31. Nf4 Ne5 32. Nd5 Bxd5 33. Qxd5 Ng4 34. Bf4 Qb6 35. Rf1 Bd4 36. g3 Bxf2+ 37. Kg2 Rc3 38. Bd3 Bd4 39. Bxb5 Rc2+ 40. Be2 Rxe2+ 41. Kf3 Rb2 42. Bxd6 Nh2+ 43. Kf4 Nxf1 44. Qa8+ Kh7 45. Qf8 Rf2+ 46. Kg5 Bf6# 0-1


[Site "https://www.chess.com"]

[Event "Titled Tuesday Blitz January 31 Early 2023"]
[White "Babazada, Khazar"]
[Black "Sarana, Alexey"]
[WhiteFideId "13413554"]
[BlackFideId "24133795"]
[WhiteElo "2474"]
[BlackElo "2685"]
[Result "1-0"]
[Round "07"]
[TimeControl "180+2"]
[Date "2023.01.31"]
[WhiteClock "0:01:09"]
[BlackClock "0:00:02"]

1. e4 e5 2. Nf3 Nc6 3. d4 exd4 4. Nxd4 Nf6 5. Nc3 Bb4 6. Nxc6 bxc6 7. Bd3 O-O 8. O-O d5 9. exd5 cxd5 10. Bg5 Be6 11. Qf3 h6 12. Bh4 c5 13. Bf5 Bxc3 14. bxc3 Bxf5 15. Qxf5 Qd7 16. Qxd7 Nxd7 17. Rfd1 Nb6 18. a4 g5 19. Bg3 Rfd8 20. a5 Nc4 21. a6 Rd7 22. Rd3 Re8 23. h4 Re6 24. hxg5 hxg5 25. f3 Nb2 26. Rd2 Nc4 27. Rd3 Nb2 28. Rd2 Re3 29. Rb1 Nc4 30. Rd3 Ree7 31. Rb5 Nb6 32. Rxc5 Re2 33. Rc7 Rxc7 34. Bxc7 Rxc2 35. Bxb6 axb6 36. Rxd5 Ra2 37. Rd8+ Kg7 38. Ra8 f5 39. Kh2 b5 40. Kg3 Ra4 41. Kf2 Ra2+ 42. Kg3 Ra4 43. a7 Ra3 44. Kf2 Kh7 45. Ke2 Kg7 46. Kd2 Kh7 47. Kc2 Kg7 48. Kb2 Ra6 49. Kb3 Ra4 50. c4 1-0


[Site "https://www.chess.com"]

[Event "Titled Tuesday Blitz January 31 Early 2023"]
[White "Jobava, Baadur"]
[Black "Drygalov, Sergey"]
[WhiteFideId "13601520"]
[BlackFideId "24171743"]
[WhiteElo "2578"]
[BlackElo "2547"]
[Result "1-0"]
[Round "07"]
[TimeControl "180+2"]
[Date "2023.01.31"]
[WhiteClock "0:00:05"]
[BlackClock "0:00:02"]

1. b3 d5 2. Bb2 Nf6 3. Nf3 g6 4. e3 Bg7 5. c4 c6 6. Be2 O-O 7. O-O Nbd7 8. d3 Re8 9. Nc3 e5 10. cxd5 Nxd5 11. Rc1 Nxc3 12. Bxc3 Nb6 13. e4 Bg4 14. Nd2 Bxe2 15. Qxe2 Qd7 16. Rfd1 Nc8 17. Nf3 Nd6 18. a4 c5 19. h3 b6 20. Nd2 b5 21. axb5 Nxb5 22. Nc4 Rab8 23. Ba1 Qe6 24. Rb1 Red8 25. Ne3 Na3 26. Rb2 Nb5 27. Rc2 Qxb3 28. Rxc5 Qa3 29. Qc2 a5 30. Nd5 Bf8 31. Nf6+ Kh8 32. Qc4 Qxc5 33. Qxf7 Bg7 34. Nd7 Rb7 35. Qxg7+ Kxg7 36. Nxc5 Re7 37. f4 Nd4 38. fxe5 Kf7 39. Kf2 Ne6 40. Nxe6 Kxe6 41. Ke3 a4 42. d4 a3 43. d5+ Kd7 44. e6+ Kd6 45. Bf6 Rde8 46. Bxe7+ Kxe7 47. Kd4 Ra8 48. Ke5 Ra5 49. Ra1 a2 50. h4 h6 51. g4 g5 52. h5 Ra4 53. d6+ Ke8 54. Kf6 Ra6 55. e5 Kd8 56. Kf7 Ra3 57. e7+ Kd7 58. e8=Q# 1-0


[Site "https://www.chess.com"]

[Event "Titled Tuesday Blitz January 31 Early 2023"]
[White "Ter-Sahakyan, Samvel"]
[Black "Le, Tuan Minh"]
[WhiteFideId "13302531"]
[BlackFideId "12401153"]
[WhiteElo "2617"]
[BlackElo "2542"]
[Result "0-1"]
[Round "07"]
[TimeControl "180+2"]
[Date "2023.01.31"]
[WhiteClock "0:00:03"]
[BlackClock "0:00:07"]

1. d4 d5 2. c4 c6 3. Nf3 Nf6 4. e3 Bf5 5. Nc3 e6 6. Nh4 Be4 7. f3 Bg6 8. Qb3 Qc7 9. Bd2 Be7 10. Nxg6 hxg6 11. O-O-O dxc4 12. Bxc4 b5 13. Be2 a6 14. Kb1 c5 15. dxc5 Bxc5 16. g4 Nbd7 17. h4 Rd8 18. h5 g5 19. f4 b4 20. Na4 Ne4 21. Rhf1 O-O 22. Bc1 Be7 23. Bf3 Nec5 24. Nxc5 Nxc5 25. Qc4 b3 26. axb3 Qb6 27. Rxd8 Rxd8 28. Rd1 Rb8 29. b4 Qxb4 30. Qxb4 Rxb4 31. Rd4 Rb3 32. f5 Bf6 33. Rc4 Nd3 34. Kc2 Nxc1 35. fxe6 fxe6 36. Be4 Kf8 37. Kxc1 Rxe3 38. Bg6 Ke7 39. Rc7+ Kd6 40. Ra7 Ke5 41. Rxa6 Kf4 42. Ra4+ Kg3 43. Re4 Rxe4 44. Bxe4 Kxg4 45. Kd2 Kxh5 46. Ke2 Bxb2 47. Kf3 g4+ 48. Kg2 Kg5 49. Bb7 Kf4 50. Bc8 e5 51. Ba6 e4 52. Be2 Be5 53. Bd1 g3 54. Bh5 Ke3 55. Bg4 Kd2 56. Kf1 e3 57. Bf3 e2+ 58. Bxe2 g2+ 0-1


[Site "https://www.chess.com"]

[Event "Titled Tuesday Blitz January 31 Early 2023"]
[White "Samunenkov, Ihor"]
[Black "Deac, Bogdan-Daniel"]
[WhiteFideId "14187086"]
[BlackFideId "1226380"]
[WhiteElo "2501"]
[BlackElo "2700"]
[Result "0-1"]
[Round "07"]
[TimeControl "180+2"]
[Date "2023.01.31"]
[WhiteClock "0:00:04"]
[BlackClock "0:00:04"]

1. d4 g6 2. c4 Bg7 3. Nf3 d6 4. g3 Nc6 5. Bg2 e5 6. d5 Nce7 7. Nc3 Nh6 8. h4 Ng4 9. h5 Nf5 10. Ne4 O-O 11. hxg6 hxg6 12. Bd2 Qe7 13. Bc3 Nfh6 14. Nh4 f5 15. Nd2 Qf7 16. Nhf3 e4 17. Ng5 Qe7 18. Bxg7 Kxg7 19. Nh3 e3 20. Nf3 exf2+ 21. Nxf2 Nxf2 22. Qd4+ Qf6 23. Qxf6+ Rxf6 24. Kxf2 Ng4+ 25. Kg1 Bd7 26. Nd4 Re8 27. Bf3 Ne5 28. b3 c5 29. dxc6 bxc6 30. Kf2 c5 31. Nc2 Ng4+ 32. Kg2 Ne5 33. Kf2 a5 34. Ne3 f4 35. Nd5 fxg3+ 36. Kxg3 Rff8 37. Raf1 a4 38. Bg2 axb3 39. axb3 Rb8 40. Rb1 Bf5 41. e4 Be6 42. Nf4 Bf7 43. Rhd1 Rb6 44. Nd3 Rfb8 45. Nxe5 dxe5 46. Rd7 Rxb3+ 47. Rxb3 Rxb3+ 48. Kh4 Rc3 49. Bh3 Kf6 50. Rd6+ Kg7 51. Rd7 g5+ 52. Kg4 Kf6 53. Rd6+ Be6+ 54. Rxe6+ Kxe6 55. Bf1 Kf6 0-1


[Site "https://www.chess.com"]

[Event "Titled Tuesday Blitz January 31 Early 2023"]
[White "Bortnyk, Olexandr"]
[Black "Kazakouski, Valery"]
[WhiteFideId "14120828"]
[BlackFideId "13507443"]
[WhiteElo "2605"]
[BlackElo "2539"]
[Result "1-0"]
[Round "07"]
[TimeControl "180+2"]
[Date "2023.01.31"]
[WhiteClock "0:00:04"]
[BlackClock "0:00:02"]

1. e4 c5 2. c3 a6 3. d4 cxd4 4. cxd4 d5 5. e5 Nc6 6. Nc3 Bf5 7. Be3 e6 8. Rc1 Nge7 9. Nf3 Bg4 10. Bd3 Nf5 11. Bxf5 Bxf5 12. h3 Be7 13. O-O O-O 14. a3 Na5 15. Nd2 Rc8 16. Qf3 Nc4 17. Nxc4 Rxc4 18. Rfe1 Qd7 19. Ne2 Rfc8 20. Rxc4 Rxc4 21. Bd2 Qb5 22. Bc3 Qb3 23. Qe3 h6 24. Kh2 b5 25. g4 Bh7 26. f4 a5 27. Nc1 Qc2+ 28. Re2 Qb1 29. Nb3 Rc8 30. Nd2 Qa2 31. f5 b4 32. axb4 axb4 33. f6 bxc3 34. bxc3 Bf8 35. fxg7 Bxg7 36. Ne4 Qxe2+ 37. Qxe2 Bxe4 38. Qb2 Bf8 39. Kg3 Kg7 40. h4 Be7 41. Kh3 Bg6 42. Kg3 Rc4 43. Kh3 Bd8 44. Qa3 Rc8 45. Kg3 Rb8 46. Qd6 Ra8 47. Kh3 Ba5 48. Qc5 Bd8 49. Qd6 Rc8 50. Qb4 Be4 51. Kg3 Bg6 52. Kh3 Rc7 53. Kg3 Rc4 54. Qa3 Bb6 55. Kf4 Bd8 56. g5 hxg5+ 57. hxg5 Bf5 58. Qa8 Be7 59. Qb7 Bf8 60. Qb2 Bg6 61. Qb3 Rc8 62. Qb2 Be7 63. Qb7 Rd8 64. Qxe7 Rc8 65. Qb4 Rh8 66. Kg3 Rc8 67. Kf2 Rc4 68. Qa3 Rc8 69. Ke3 Rc6 70. Kd2 Rc8 71. Qe7 Rc4 72. Qf6+ Kg8 73. Qf3 Rc8 74. Kc1 Rb8 75. Qf6 Rb1+ 76. Kd2 Rb2+ 77. Ke3 Rc2 78. Qd8+ Kg7 79. Qc7 Rc1 80. Kf4 Rf1+ 81. Kg3 Rf5 82. Kg4 Rf1 83. c4 Rg1+ 84. Kf4 dxc4 85. Qxc4 Rd1 86. Qc5 Rd3 87. Qa7 Rd1 88. Ke3 Rd3+ 89. Ke2 Kg8 90. Qd7 Kg7 91. Qd8 Kh7 92. Qb6 Kg7 93. Qb4 Kh7 94. Kf2 Kg7 95. Qc4 Kh7 96. Qc5 Kg7 97. Ke1 Kh7 98. Qa7 Kg7 99. Kf1 Kh7 100. Kf2 Kg7 101. Kg2 Kh7 102. Kg1 Kg7 103. Qd7 Kh7 104. Qd8 Kg7 105. Qf6+ Kg8 106. Qf4 Kg7 107. Kf2 Kg8 108. Ke2 Kh7 109. Qh4+ Kg8 110. Qf2 Kh7 111. Qg1 Kg8 112. Qa1 Kh7 113. Qa4 Kg7 114. Qc4 Ra3 115. Kf2 Rd3 116. Ke2 Rg3 117. Kd2 Rxg5 118. d5 1-0


[Site "https://www.chess.com"]

[Event "Titled Tuesday Blitz January 31 Early 2023"]
[White "Fier, Alexandr"]
[Black "Bluebaum, Matthias"]
[WhiteFideId "2107139"]
[BlackFideId "24651516"]
[WhiteElo "2589"]
[BlackElo "2669"]
[Result "0-1"]
[Round "07"]
[TimeControl "180+2"]
[Date "2023.01.31"]
[WhiteClock "0:01:50"]
[BlackClock "0:00:52"]

1. d4 d5 2. c4 e6 3. Nc3 Nf6 4. cxd5 exd5 5. Bg5 c6 6. e3 h6 7. Bh4 Be7 8. Bd3 O-O 9. Qc2 Re8 10. Nf3 Ne4 11. Bxe7 Qxe7 12. O-O Bf5 13. Bxe4 Bxe4 14. Nxe4 Qxe4 15. Qxe4 Rxe4 16. b4 Nd7 17. a4 a6 18. b5 cxb5 19. axb5 a5 20. Rfc1 Nb6 21. Rc7 Ra7 22. Ne5 f6 23. Nd7 Re7 24. Nxf6+ Kf7 25. Rxe7+ Kxe7 26. Ng4 a4 27. Ne5 a3 28. Nd3 Ra5 29. Kf1 Nc4 30. Ne5 Nd2+ 31. Ke1 Nb3 32. Ra2 Nc1 33. Ra1 a2 34. b6 Rb5 0-1


[Site "https://www.chess.com"]

[Event "Titled Tuesday Blitz January 31 Early 2023"]
[White "Ioannidis, Evgenios"]
[Black "Sanal, Vahap"]
[WhiteFideId "4229274"]
[BlackFideId "6300545"]
[WhiteElo "2467"]
[BlackElo "2600"]
[Result "0-1"]
[Round "07"]
[TimeControl "180+2"]
[Date "2023.01.31"]
[WhiteClock "0:00:02"]
[BlackClock "0:00:02"]

1. d4 Nf6 2. c4 g6 3. Nc3 Bg7 4. e4 d6 5. Be2 O-O 6. Bg5 c5 7. d5 e6 8. Qd2 exd5 9. exd5 Re8 10. Nf3 Qb6 11. O-O Bf5 12. Nh4 Bd7 13. Qf4 Qd8 14. Bf3 h6 15. Bxh6 Bxh6 16. Qxh6 Re5 17. Rae1 Qe7 18. Qd2 Na6 19. Bd1 Ne4 20. Nxe4 Rxe4 21. Nf3 Re8 22. Rxe4 Qxe4 23. b3 Qb1 24. Qf4 Bf5 25. Qxd6 Qxa2 26. Ne5 Qb2 27. f4 Qd4+ 28. Kh1 Bd3 29. Rg1 Qxf4 30. Re1 Qf2 31. Rg1 Bf1 32. Bf3 Nb4 33. Ng4 Qd4 34. Nf6+ Kh8 35. Nxe8 Nd3 36. Qf8+ Kh7 0-1


[Site "https://www.chess.com"]

[Event "Titled Tuesday Blitz January 31 Early 2023"]
[White "Narayanan.S.L"]
[Black "Begmuratov, Khumoyun"]
[WhiteFideId "5058422"]
[BlackFideId "14210207"]
[WhiteElo "2660"]
[BlackElo "2387"]
[Result "0-1"]
[Round "07"]
[TimeControl "180+2"]
[Date "2023.01.31"]
[WhiteClock "0:00:24"]
[BlackClock "0:00:58"]

1. e4 e5 2. Nf3 Nc6 3. Bc4 Nf6 4. d3 h6 5. O-O d6 6. d4 Bg4 7. dxe5 Nxe5 8. Be2 Nxf3+ 9. Bxf3 Bxf3 10. Qxf3 Be7 11. e5 dxe5 12. Qxb7 O-O 13. Nc3 Bc5 14. Qf3 Rb8 15. Rd1 Qe7 16. Ne4 Nxe4 17. Qxe4 f5 18. Qe2 e4 19. Bf4 Rxb2 20. Rd5 Bb6 21. Rad1 Qe6 22. h4 Kh7 23. a4 a5 24. h5 Rf7 25. Rd8 Qc6 26. R1d2 Rb1+ 27. Kh2 Qxa4 28. Qa6 Qa1 29. Qc8 Rh1+ 30. Kg3 Rxh5 31. Rh8+ Kg6 32. Qe6+ Qf6 33. Qxf6+ Kxf6 34. Rd5 g5 35. Be5+ Ke6 36. Rb5 f4+ 37. Kg4 Rh4# 0-1


[Site "https://www.chess.com"]

[Event "Titled Tuesday Blitz January 31 Early 2023"]
[White "Fernandez Guillen, Ernesto J."]
[Black "Chigaev, Maksim"]
[WhiteFideId "3512428"]
[BlackFideId "4108116"]
[WhiteElo "2477"]
[BlackElo "2628"]
[Result "0-1"]
[Round "07"]
[TimeControl "180+2"]
[Date "2023.01.31"]
[WhiteClock "0:00:06"]
[BlackClock "0:00:08"]

1. e4 c5 2. Nf3 e6 3. d4 cxd4 4. Nxd4 Nf6 5. Nc3 Nc6 6. Nxc6 bxc6 7. Bd3 d5 8. O-O Be7 9. e5 Nd7 10. Re1 O-O 11. Qh5 g6 12. Qh6 Re8 13. h4 Bf8 14. Qg5 Rb8 15. Qg3 a5 16. h5 Bg7 17. b3 Rb4 18. Bg5 Qc7 19. f4 Ba6 20. Bxa6 Qa7+ 21. Kh2 Qxa6 22. h6 Bf8 23. Rad1 Nc5 24. a4 Nd7 25. Ne4 c5 26. Nc3 Rd4 27. f5 Rxd1 28. Rxd1 Nxe5 29. Nb5 exf5 30. Nc7 Qc8 31. Nxe8 Qxe8 32. Rxd5 f6 33. Bxf6 Ng4+ 34. Kh3 Nxf6 35. Re5 Qd7 36. Qd3 Qxd3+ 37. cxd3 Kf7 38. d4 Bd6 39. Rxc5 Bxc5 40. dxc5 Ke6 41. Kh4 Ne4 42. c6 Kd6 43. g4 Kxc6 44. gxf5 gxf5 45. Kh3 Kd6 46. Kg2 Ke5 47. Kf3 Nd2+ 48. Ke3 Nxb3 0-1


[Site "https://www.chess.com"]

[Event "Titled Tuesday Blitz January 31 Early 2023"]
[White "Sattarov, Bobir"]
[Black "Dominguez Perez, Leinier"]
[WhiteFideId "14203081"]
[BlackFideId "3503240"]
[WhiteElo "2366"]
[BlackElo "2739"]
[Result "1/2-1/2"]
[Round "07"]
[TimeControl "180+2"]
[Date "2023.01.31"]
[WhiteClock "0:00:03"]
[BlackClock "0:00:03"]

1. e4 Nf6 2. e5 Nd5 3. c4 Nb6 4. d4 d6 5. exd6 exd6 6. Nc3 Be7 7. Bd3 O-O 8. Nge2 Na6 9. O-O c6 10. b3 Nb4 11. Bb1 d5 12. c5 Nd7 13. h3 Re8 14. Be3 Nf8 15. a3 Na6 16. Bd3 Nc7 17. Qc2 g6 18. Rae1 Nce6 19. Kh1 Ng7 20. Ng3 b6 21. b4 a5 22. Bh6 axb4 23. axb4 bxc5 24. bxc5 Nfe6 25. Nce2 Bf6 26. Be3 Ba6 27. Ra1 Qc8 28. Ra3 Bxd3 29. Qxd3 Rxa3 30. Qxa3 h5 31. Rb1 h4 32. Nf1 Nf5 33. Qa4 Qa8 34. Qd1 Rb8 35. Ra1 Qb7 36. Nh2 Qb2 37. Rc1 Nexd4 38. Nxd4 Bxd4 39. Bxd4 Qxd4 40. Qe1 Qe4 41. Qd1 Qd4 42. Qe1 Kg7 43. Ng4 Rb5 44. Rd1 Qb2 45. Kh2 Rxc5 46. Rb1 Qc3 47. Qe8 Rb5 48. Rxb5 cxb5 49. Qxb5 Qd4 50. Qd7 Qf4+ 51. Kg1 d4 52. Qd5 Qd6 53. Qe4 d3 54. Qe1 d2 55. Qd1 Qd4 56. Nh2 Ne3 57. fxe3 Qxe3+ 58. Kf1 Qd3+ 59. Kf2 Qd4+ 60. Kf1 Qc4+ 61. Kf2 Qc1 62. Ke2 Qc4+ 63. Kf2 Qc5+ 64. Kf1 Qb5+ 65. Kf2 Qc5+ 66. Kf1 Qc1 67. Ke2 Qc4+ 68. Kf2 1/2-1/2


[Site "https://www.chess.com"]

[Event "Titled Tuesday Blitz January 31 Early 2023"]
[White "Svidler, Peter"]
[Black "Csonka, Balazs"]
[WhiteFideId "4102142"]
[BlackFideId "742910"]
[WhiteElo "2683"]
[BlackElo "2496"]
[Result "1-0"]
[Round "07"]
[TimeControl "180+2"]
[Date "2023.01.31"]
[WhiteClock "0:00:17"]
[BlackClock "0:00:02"]

1. e4 e5 2. Nf3 Nc6 3. Bb5 a6 4. Ba4 Nf6 5. O-O Be7 6. d3 b5 7. Bb3 d6 8. a4 Bd7 9. c3 O-O 10. Bc2 Re8 11. Nbd2 Bf8 12. Re1 g6 13. Nf1 Bg7 14. h3 b4 15. a5 Rb8 16. d4 bxc3 17. bxc3 exd4 18. cxd4 Nb4 19. Bb1 d5 20. e5 Ne4 21. Ng3 Nc3 22. Qd2 Nxb1 23. Rxb1 c5 24. Bb2 c4 25. Bc3 Nd3 26. Rf1 Qe7 27. Nh2 Rb5 28. f4 Reb8 29. Rbd1 Bh6 30. Rf3 Rb3 31. Ng4 Bxg4 32. hxg4 Bxf4 33. Rxf4 Nxf4 34. Qxf4 Rxc3 35. e6 Rf8 36. exf7+ Qxf7 37. Qd6 Qf2+ 38. Kh2 Qxg3+ 39. Qxg3 Rxg3 40. Kxg3 Rc8 41. Kf4 Re8 42. Rb1 Re4+ 43. Kf3 Rxd4 44. Rb6 1-0


[Site "https://www.chess.com"]

[Event "Titled Tuesday Blitz January 31 Early 2023"]
[White "So, Wesley"]
[Black "Vakhlamov, Igor L."]
[WhiteFideId "5202213"]
[BlackFideId "24126748"]
[WhiteElo "2760"]
[BlackElo "2413"]
[Result "1-0"]
[Round "07"]
[TimeControl "180+2"]
[Date "2023.01.31"]
[WhiteClock "0:01:11"]
[BlackClock "0:00:05"]

1. d4 d5 2. c4 e6 3. Nc3 c5 4. cxd5 cxd4 5. Qa4+ Bd7 6. Qxd4 exd5 7. Qxd5 Nf6 8. Qd1 Bc5 9. Nf3 O-O 10. a3 Qe7 11. Bg5 h6 12. Bxf6 Qxf6 13. e3 Rd8 14. Qb3 Bc6 15. Be2 Nd7 16. O-O Ne5 17. Nxe5 Qxe5 18. Rad1 Qg5 19. g3 h5 20. Qc4 Bb6 21. Rxd8+ Rxd8 22. Rd1 Rxd1+ 23. Bxd1 g6 24. Ba4 Bf3 25. Bd1 Bc6 26. Ba4 Bf3 27. Bb3 Qf6 28. Qf4 Qxf4 29. gxf4 Ba5 30. Nb5 Kg7 31. Bc4 a6 32. Nd4 Be4 33. f3 Bb1 34. Kf2 Bd2 35. Nb3 1-0


[Site "https://www.chess.com"]

[Event "Titled Tuesday Blitz January 31 Early 2023"]
[White "Martinez Alcantara, Jose Eduardo"]
[Black "Kilic, Eray"]
[WhiteFideId "3805662"]
[BlackFideId "44517173"]
[WhiteElo "2619"]
[BlackElo "2414"]
[Result "1-0"]
[Round "07"]
[TimeControl "180+2"]
[Date "2023.01.31"]
[WhiteClock "0:01:36"]
[BlackClock "0:00:03"]

1. e4 c5 2. Nf3 d6 3. c3 Nf6 4. h3 g6 5. Bd3 Bg7 6. Bc2 O-O 7. O-O Nc6 8. d4 cxd4 9. cxd4 d5 10. e5 Ne4 11. Nc3 Bf5 12. Re1 Nxc3 13. bxc3 Bxc2 14. Qxc2 Rc8 15. Bg5 Qd7 16. Qd2 e6 17. Bf6 Na5 18. h4 h5 19. Rac1 Nc4 20. Qg5 Rc7 21. g4 hxg4 22. Nh2 Kh7 23. Nxg4 Rh8 24. h5 Qe8 25. h6 Bf8 26. Bd8 Be7 27. Bxe7 1-0


[Site "https://www.chess.com"]

[Event "Titled Tuesday Blitz January 31 Early 2023"]
[White "Boros, Denes"]
[Black "Pranav, V"]
[WhiteFideId "722340"]
[BlackFideId "25060783"]
[WhiteElo "2406"]
[BlackElo "2597"]
[Result "1/2-1/2"]
[Round "07"]
[TimeControl "180+2"]
[Date "2023.01.31"]
[WhiteClock "0:00:41"]
[BlackClock "0:00:09"]

1. e4 e5 2. Be2 Nc6 3. Nf3 Nf6 4. d4 exd4 5. e5 Ne4 6. O-O d5 7. Bb5 Bc5 8. Nxd4 Bd7 9. Nxc6 bxc6 10. Bd3 Qh4 11. Qe2 Ng5 12. Be3 Bb6 13. Nd2 O-O 14. Kh1 Bxe3 15. Qxe3 f5 16. f4 Ne6 17. Nb3 Qe7 18. c4 a5 19. Rac1 a4 20. cxd5 cxd5 21. Nd4 Nxd4 22. Qxd4 c6 23. Rc2 Rab8 24. Qa7 Ra8 25. Qd4 Rfb8 26. g4 Rb4 27. Qe3 fxg4 28. f5 Rf8 29. Re2 c5 30. Kg1 Bc6 31. f6 gxf6 32. Qh6 Qg7 33. Qxg7+ Kxg7 34. exf6+ Rxf6 35. Re7+ Kf8 36. Rxf6+ Kxe7 37. Rxc6 c4 38. Bxh7 Rxb2 39. Bg8 Rd2 40. Kf1 Kd7 41. Bxd5 Rxd5 42. Rxc4 a3 43. Rc3 Rd2 44. Rxa3 Rxh2 45. Kg1 Rb2 46. Ra6 Kc7 47. Kf1 g3 48. Ra3 Kb7 49. Kg1 Rb1+ 50. Kg2 Rb2+ 51. Kxg3 Kb6 52. Kf4 Rc2 53. Rb3+ Ka5 54. a3 Ka4 55. Rd3 Ra2 56. Ke4 Rxa3 57. Rd5 Rb3 58. Kd4 Rb4+ 59. Kc3 Rb3+ 60. Kc2 Rb5 61. Rd4+ Rb4 62. Rd5 Rb5 63. Rd3 Ka5 64. Kc3 Kb6 65. Kc4 Rc5+ 66. Kb4 Rb5+ 67. Kc4 Rc5+ 68. Kb4 Rb5+ 69. Kc4 1/2-1/2


[Site "https://www.chess.com"]

[Event "Titled Tuesday Blitz January 31 Early 2023"]
[White "Pulpan, Jakub"]
[Black "Kozak, Adam"]
[WhiteFideId "302759"]
[BlackFideId "753246"]
[WhiteElo "2427"]
[BlackElo "2572"]
[Result "0-1"]
[Round "07"]
[TimeControl "180+2"]
[Date "2023.01.31"]
[WhiteClock "0:00:41"]
[BlackClock "0:01:22"]

1. d4 Nf6 2. Nf3 e6 3. e3 d5 4. Be2 Bd6 5. b3 O-O 6. Bb2 b6 7. O-O Bb7 8. c4 Nbd7 9. Nbd2 Ne4 10. cxd5 exd5 11. Nxe4 dxe4 12. Nd2 Qh4 13. g3 Qh6 14. Nc4 Nf6 15. Nxd6 cxd6 16. Rc1 Bc8 17. Rc6 Bh3 18. Re1 Rad8 19. d5 Rfe8 20. Ba3 Re5 21. Rxd6 Rxd6 22. Bxd6 Rxd5 23. Bf4 g5 24. Qc2 gxf4 25. exf4 Kg7 26. Bc4 Rd7 27. Bb5 Re7 28. Be2 Bg4 29. Bxg4 Nxg4 30. Rxe4 0-1


[Site "https://www.chess.com"]

[Event "Titled Tuesday Blitz January 31 Early 2023"]
[White "Tactrics"]
[Black "Terry, Renato"]
[BlackFideId "3803457"]
[WhiteElo "2800"]
[BlackElo "2520"]
[Result "1-0"]
[Round "07"]
[TimeControl "180+2"]
[Date "2023.01.31"]
[WhiteClock "0:00:20"]
[BlackClock "0:00:18"]

1. e4 e6 2. f4 d5 3. e5 c5 4. Nf3 Nc6 5. c3 c4 6. d3 cxd3 7. Bxd3 Bc5 8. Qe2 a5 9. Be3 Qb6 10. Bxc5 Qxc5 11. Qf2 b6 12. Nbd2 a4 13. a3 Nge7 14. O-O Bd7 15. Kh1 h6 16. Rac1 O-O 17. Qe2 Rfc8 18. Rfe1 Rc7 19. Nf1 Rac8 20. Ne3 Na5 21. Nc2 Nec6 22. Rcd1 Nb3 23. g4 Kf8 24. Rf1 d4 25. Ba6 dxc3 26. Bxc8 Bxc8 27. bxc3 Qxc3 28. f5 exf5 29. g5 h5 30. g6 fxg6 31. e6 Bb7 32. Rd7 Rxd7 33. exd7 Kg8 34. Nb4 Nbd4 35. Nxc6 Nxe2 36. d8=Q+ Kh7 37. Ng5+ Kh6 38. Nf7+ 1-0


[Site "https://www.chess.com"]

[Event "Titled Tuesday Blitz January 31 Early 2023"]
[White "Shimanov, Aleksandr"]
[Black "Halkias, Stelios"]
[WhiteFideId "4198603"]
[BlackFideId "4201809"]
[WhiteElo "2581"]
[BlackElo "2511"]
[Result "1-0"]
[Round "07"]
[TimeControl "180+2"]
[Date "2023.01.31"]
[WhiteClock "0:00:04"]
[BlackClock "0:00:03"]

1. e4 e5 2. Nf3 Nc6 3. Nc3 Nf6 4. h3 d6 5. d4 exd4 6. Nxd4 g6 7. Nxc6 bxc6 8. Bd3 Bg7 9. O-O O-O 10. Bg5 h6 11. Be3 Rb8 12. b3 a5 13. Qd2 Kh7 14. Rad1 Nd7 15. f4 Qh4 16. Bf2 Qe7 17. Na4 Nf6 18. Rde1 Rb4 19. a3 Rxe4 20. Qxa5 Rxe1 21. Rxe1 Qd8 22. Qd2 c5 23. Nc3 Bb7 24. a4 Nh5 25. Ne4 f5 26. Ng3 Nf6 27. Bf1 Ne4 28. Nxe4 fxe4 29. Be3 Qe7 30. b4 cxb4 31. Qxb4 c5 32. Qb6 g5 33. fxg5 Be5 34. Qb5 hxg5 35. Qe2 Bf4 36. Qh5+ Kg7 37. c4 Qe5 38. Qe2 Bc6 39. a5 Rb8 40. Bxf4 gxf4 41. Qg4+ Kf6 42. a6 Rb2 43. a7 Ra2 44. Re2 Ra1 45. Rf2 f3 46. gxf3 e3 47. Re2 d5 48. cxd5 Bb5 49. Qh4+ Qg5+ 50. Qxg5+ Kxg5 51. a8=Q Rxa8 52. Rg2+ Kf4 53. Bxb5 Ra1+ 54. Kh2 Rb1 55. Be2 Ke5 56. Rg5+ Kd4 57. d6 Rb2 58. d7 Rxe2+ 59. Kg3 Rd2 60. d8=Q+ Kc3 61. Rxc5+ Kb2 62. Qb6+ 1-0


[Site "https://www.chess.com"]